 Dungeon Crawl Stone Soup version 0.26.1-15-g04117e645d (webtiles) character file.

Game seed: 2808322798678435985

431 pkoi the Insei (level 6, -1/48 HPs)
             Began as a Demigod Gladiator on May 20, 2022.
             Slain by Natasha (9 damage)
             ... on level 3 of the Dungeon.
             The game lasted 00:02:40 (3407 turns).

pkoi the Insei (Demigod Gladiator)                  Turns: 3407, Time: 00:02:41

Health: -1/48      AC:  4    Str: 17    XL:     6   Next: 39%
Magic:  8/8        EV: 13    Int: 16    God:
Gold:   164        SH:  5    Dex: 17    Spells: 5/5 levels left

rFire    . . .     SeeInvis .     - Unarmed
rCold    . . .     Faith    .   (no shield)
rNeg     . . .     Spirit   .   a - +0 leather armour
rPois    .         Reflect  +   b - +0 helmet
rElec    .         Harm     .   (no cloak)
rCorr    .         Rampage  .   (no gloves)
Will     .....                  (no boots)
Stlth    +.........             h - amulet of reflection
HPRegen  0.16/turn              (no ring)
MPRegen  0.11/turn              (no ring)

@: no status effects
A: high mp 1
a: no special abilities


You were on level 3 of the Dungeon.
You visited 1 branch of the dungeon, and saw 3 of its levels.

You collected 164 gold pieces.

Inventory:

Hand Weapons
 f - a cursed -2 dagger
 p - a +2 spear of flaming
Missiles
 c - 4 throwing nets (quivered)
Armour
 a - a +0 leather armour (worn)
 b - a +0 helmet (worn)
Jewellery
 h - an amulet of reflection (around neck)
 k - an uncursed ring of fire {unknown}
Wands
 g - a wand of enslavement (9)
Scrolls
 e - 3 scrolls of blinking {unknown}
 l - 2 scrolls of amnesia {unknown}
 m - a scroll of magic mapping {unknown}
 n - a scroll of teleportation {unknown}
 o - 4 scrolls of identify {unknown}
 q - a scroll of enchant weapon {unknown}
Potions
 d - a potion of magic
 i - a potion of berserk rage {unknown}
 j - a potion of heal wounds {unknown}
 r - a potion of haste {unknown}
 s - a potion of lignification {unknown}


   Skills:
 - Level 1.7 Fighting
 - Level 1.7 Throwing
 - Level 2.6 Dodging
 + Level 7.0 Unarmed Combat


You had 5 spell levels left.
You didn't know any spells.
Your spell library was empty.

Dungeon Overview and Level Annotations

Branches:
Dungeon (3/15)

Annotations:
D:3 Natasha


Innate Abilities, Weirdness & Mutations

You have an increased reservoir of magic. (+10% MP)


Message History

You punch the adder!
The adder is almost dead.
The adder barely misses you.
Natasha casts a spell.
You hit the adder but do no damage. You punch the adder.
You kill the adder!
Your Unarmed Combat skill increases to level 7!
You punch the ball python!
You kill the ball python!
You barely miss Natasha.
Natasha howls an incantation.
Natasha's front paws start to glow.
Natasha closely misses you.
You barely miss Natasha. Natasha misses you.
You closely miss Natasha. Natasha closely misses you.
You closely miss Natasha. You hit Natasha.
Natasha is moderately wounded.
Natasha claws you!
You die...

[#.#<###..#
#...######...........
##.#......# #...# ####..######
#.######.# ##### ##.## #.# #.#
#..# #.# #.# ########†# #.# #.#
#.!......# #.# #.# #........#
#.# #.##########........#
#.######.......@h55............
#........##########.......#.##.
#.######## #.......#..#
##...######## ..............
.'...'....... ###########....
##...######## .. #...# #####


You could see Natasha and 2 white imps.

Vanquished Creatures
  Sigmund (D:2)
  A centaur (D:2)
  Natasha (twice) (D:3)
  4 gnolls
  4 adders
  An ooze (D:1)
  2 worms (D:2)
  2 dart slugs
  3 leopard geckos
  2 ball pythons
  A giant cockroach (D:2)
  12 goblins
  6 hobgoblins
  2 jackals (D:3)
  8 bats
  5 frilled lizards
  11 kobolds
  8 rats
75 creatures vanquished.

Notes
Turn   | Place    | Note
-------+----------+-------------------------------------------
     0 | D:1      | pkoi the Demigod Gladiator began the quest for the Orb.
     0 | D:1      | Reached XP level 1. HP: 17/17 MP: 3/3
    78 | D:1      | Reached skill level 3 in Unarmed Combat
   197 | D:1      | Reached XP level 2. HP: 19/24 MP: 4/4
   902 | D:1      | Reached XP level 3. HP: 29/29 MP: 5/5
   911 | D:1      | Reached skill level 4 in Unarmed Combat
  1499 | D:2      | Reached XP level 4. HP: 36/36 MP: 6/6
  1671 | D:2      | Noticed a centaur
  1679 | D:2      | Killed a centaur
  1680 | D:2      | Reached skill level 5 in Unarmed Combat
  1680 | D:2      | Reached XP level 5. HP: 15/41 MP: 7/7
  2932 | D:2      | Noticed Sigmund
  2947 | D:2      | Killed Sigmund
  2948 | D:2      | Reached skill level 6 in Unarmed Combat
  2948 | D:2      | Reached XP level 6. HP: 17/48 MP: 8/8
  3218 | D:3      | Noticed Natasha
  3227 | D:3      | Killed Natasha
  3352 | D:3      | Noticed Natasha
  3362 | D:3      | Killed Natasha
  3377 | D:3      | Noticed Natasha
  3402 | D:3      | Reached skill level 7 in Unarmed Combat
  3407 | D:3      | Slain by Natasha

Illustrated notes

Levels and vault maps discovered:
D:1:      dpeg_arrival_tiny_f, layout_loops_ring, minmay_box_of_dots
D:2:      layout_basic, serial_glass, glass_columns_c, glass_columns_b,
          glass_columns_a, glass_columns_a, glass_columns_a, glass_columns_c,
          dk_noncrumbling_4, grunt_decor_junction, uniq_sigmund
D:3:      layout_basic, uniq_natasha

Skill      XL: |  1  2  3  4  5  6 |
---------------+-------------------+-----
Unarmed Combat | 3 4 5 6 7 |  7.0
Fighting       | |  1.7
Throwing       | |  1.7
Dodging        | |  2.6

Action                   |  1- 3 |  4- 6 || total
-------------------------+-------+-------++-------
Melee: Unarmed           |   162 |   109 ||   271
       Punch             |     4 |     5 ||     9
       Spear             |     3 |       ||     3
  Use: Potion            |     2 |       ||     2
 Stab: Sleeping          |     4 |     1 ||     5
Armor: Leather armour    |    40 |    25 ||    65
Dodge: Dodged            |    88 |    80 ||   168
Block: Other             |    27 |    28 ||    55
       Reflection        |     2 |     1 ||     3
